 Dungeon Crawl Stone Soup version 0.21.0 (webtiles) character file.

158785 HungrySpirit the Executioner (level 17, -11/166 HPs)
             Began as a Minotaur Berserker on Jan 6, 2018.
             Was a High Priest of Trog.
             Mangled by an anaconda (13 damage)
             ... on level 4 of the Snake Pit.
             The game lasted 01:09:41 (35757 turns).

HungrySpirit the Executioner (Minotaur Berserker)  Turns: 35757, Time: 01:09:42

Health: -11/166    AC: 14    Str: 24    XL:     17   Next: 15%
Magic:  0/16       EV: 14    Int:  4    God:    Trog [*****.]
Gold:   1675       SH:  0    Dex: 15    Spells: 16/16 levels left

rFire    + . .     SeeInvis +   Z - +7 executioner's axe (chop)
rCold    . . .     Gourm    .   (shield currently unavailable)
rNeg     . . .     Faith    .   j - +3 ring mail {rPois}
rPois    +         Spirit   +   O - +1 hat {SInv}
rElec    .         Reflect  .   H - scarf {Spirit}
rCorr    .         Harm     .   (no gloves)
MR       ++++.                  C - +0 pair of boots
Stlth    +.........             p - amulet of magic regeneration
HPRegen  1.37/turn              d - +2 ring of slaying
MPRegen  0.40/turn              X - ring of protection from magic

@: lethally poisoned (-11 -> -11), berserk cooldown, regenerating, slowed,
constricted, very slow
A: retaliatory headbutt, horns 2, fire resistance 1, mutation resistance 1,
subdued magic 1
a: Berserk, Trog's Hand, Brothers in Arms, Burn Spellbooks, Renounce Religion


You were on level 4 of the Snake Pit.
You worshipped Trog.
Trog was extremely pleased with you.
You were not hungry.

You visited 5 branches of the dungeon, and saw 28 of its levels.
You visited 1 bazaar.
You also visited: Bailey.

You collected 2450 gold pieces.
You spent 775 gold pieces at shops.

Inventory:

Hand Weapons
 F - a +4 scimitar of flaming
 W - a +8 antimagic executioner's axe
 Z - a +7 executioner's axe of chopping (weapon)
Armour
 j - a +3 ring mail of poison resistance (worn)
 C - a +0 pair of boots (worn)
 H - a scarf of spirit shield (worn)
 O - a +1 hat of see invisible (worn)
Jewellery
 d - a +2 ring of slaying (left hand)
 g - a cursed -3 ring of protection
 p - an amulet of magic regeneration (around neck)
 s - an uncursed ring of resist corrosion
 A - an uncursed ring of protection from fire
 X - a ring of protection from magic (right hand)
Wands
 P - a wand of clouds (16)
 U - a wand of digging (18)
 V - a wand of paralysis (19)
Scrolls
 b - 5 scrolls of enchant armour
 e - 2 scrolls of holy word {unknown}
 f - 8 scrolls of teleportation
 i - 13 scrolls of remove curse
 m - 2 scrolls of vulnerability {unknown}
 n - a scroll of torment {unknown}
 o - 2 scrolls of silence {unknown}
 r - 2 scrolls of immolation
 t - 3 scrolls of noise
 w - 3 scrolls of identify
 y - 4 scrolls of enchant weapon
 E - 3 scrolls of magic mapping
 J - 5 scrolls of fear
 L - a scroll of brand weapon
 R - a scroll of summoning
 T - 2 scrolls of acquirement {unknown}
Potions
 a - 4 potions of lignification
 k - 3 potions of berserk rage
 l - 4 potions of magic
 q - 2 potions of ambrosia {unknown}
 u - 6 potions of flight
 v - 9 potions of might
 x - 3 potions of haste
 z - 2 potions of cancellation
 B - 4 potions of heal wounds
 D - 6 potions of curing
 G - a potion of invisibility
 K - a potion of resistance
 M - 7 potions of brilliance
 S - 4 potions of mutation
 Y - a potion of agility {unknown}
Books
 I - a book of Necromancy

   Spells                             Type                      Level
   a - Pain                           Necromancy                   1
   b - Animate Skeleton               Necromancy                   1
   c - Vampiric Draining              Necromancy                   3
   d - Regeneration                   Charms/Necromancy            3
   e - Animate Dead                   Necromancy                   4
   f - Borgnjor's Vile Clutch         Necromancy/Earth             5
   Trog disapproves of the use of such an item.
Miscellaneous
 h - a fan of gales
Comestibles
 c - 36 rations


   Skills:
 + Level 18.4 Fighting
 * Level 24.2 Axes
 - Level 15.0 Armour
 + Level 8.6 Dodging


You had 16 spell levels left.
You didn't know any spells.

Dungeon Overview and Level Annotations

Branches:
Dungeon (15/15)            Temple (0/1) D:5            Lair (6/6) D:10
  Swamp (1/4) Lair:3        Snake (4/4) Lair:2        Slime (0/5) Lair:6
    Orc (2/2) D:9             Elf (0/3) Orc:2        Vaults (0/5) D:13
 Depths: D:15

Altars:
Ashenzari
Cheibriados
Dithmenos
Elyvilon
Fedhas
Gozag
Hepliaklqana
Kikubaaqudgha
Okawaru
Ru
Trog
Uskayaw
Vehumet
Wu Jian
Yredelemnul
Zin
Beogh

Shops:
Orc:2 *[=(

Annotations:
Orc:1 Josephine


Innate Abilities, Weirdness & Mutations

You reflexively headbutt those who attack you in melee.
You have a pair of horns on your head.
Your flesh is heat resistant. (rF+)
You are somewhat resistant to further mutation.
Your spells are a little easier to cast, but a little less powerful.


Message History

The anaconda constricts you.
The naga sharpshooter mumbles some strange words.
The naga sharpshooter magically shoots a bolt.
The bolt hits you!!
* * * LOW HITPOINT WARNING * * *
You hear an angry hiss.
Okay, then.
Okay, then.
You feel much better.
You feel sick. The anaconda bites you!
* * * LOW HITPOINT WARNING * * *
The anaconda constricts you.
The naga sharpshooter shoots an arrow.
The arrow hits you!
* * * LOW HITPOINT WARNING * * *
The anaconda barely misses you. The anaconda constricts you.
Your ogre barely misses the anaconda.
Your iron troll closely misses the naga sharpshooter.
Your iron troll claws the naga sharpshooter!!
Your iron troll claws the naga sharpshooter.
The anaconda bites you!
You die...

#.....## ###)). #....(##
###).. #.....(#### ####.<.##
#.(..###((.#########..).####
...... ##.)....(....).###
.....# ###........$)## ....#
##..)()).)### ....
##..))###)## ...
#..@)).###)..S...
.....TN.SO......####.
...............##
....N..........#
................#
.................
##...............
#.............


You could see 2 naga sharpshooters, an anaconda, a friendly iron troll (berserk)
and a friendly ogre (berserk).

Vanquished Creatures
  Rupert (D:14)
  Frances (D:13)
  Donald (Snake:3)
  Roxanne (Snake:1)
  2 nagarajas
  2 orc warlords (Orc:2)
  Aizul (Snake:4)
  A stone giant (Orc:2)
  A deep elf annihilator (D:14)
  2 ettins (Orc:2)
  The ghost of Deadscale the Grappler, a journeyman TrMo of Wu Jian (Lair:2)
  A great orb of eyes (D:14)
  Harold (Lair:2)
  7 hydras
  Erolcha (D:13)
  The ghost of Deadscale the Grappler, a novice TrMo of Wu Jian (D:9)
  12 naga warriors
  The ghost of kegs the Fighter, a novice MiBe of Trog (D:8)
  8 two-headed ogres
  2 centaur warriors
  An ogre mage (D:13)
  5 anacondas
  Erica (D:8)
  A tengu warrior (D:14)
  A death yak (Lair:6)
  6 shock serpents
  9 naga sharpshooters
  13 spriggans (Lair:6)
  Sonja (D:14)
  4 salamander mystics
  3 unseen horrors
  A shambling mangrove (Swamp:1)
  10 naga ritualists
  14 mana vipers
  A lindwurm (Lair:4)
  An orc knight (Orc:1)
  An orc sorcerer (Orc:1)
  11 ugly things
  21 salamanders
  12 cyclopes
  Maurice (D:10)
  Psyche (D:12)
  19 naga magi
  7 guardian serpents
  28 black mambas
  2 torpor snails
  11 elephants
  A centaur skeleton (D:14)
  12 spiny frogs
  A rime drake (Lair:6)
  6 komodo dragons
  A tengu conjurer (D:14)
  6 trolls
  A freezing wraith (D:14)
  10 hornets
  A polar bear (shapeshifter) (D:13)
  5 slime creatures (D:15)
  4 polar bears (Lair:6)
  3 dream sheep (Lair:4)
  2 bog bodies (Swamp:1)
  9 blink frogs
  7 hippogriffs
  Sigmund (D:6)
  2 shadows
  4 wraiths
  A wyvern (Lair:5)
  Eustachio (D:6)
  32 yaks
  3 basilisks
  The ghost of dscm the Chopper, an amateur DsFi (D:5)
  A hungry ghost (D:14)
  A steam dragon (D:14)
  6 vampire mosquitoes
  49 nagas
  3 swamp worms (Swamp:1)
  5 wargs
  3 insubstantial wisps (Swamp:1)
  Edmund (D:6)
  A soldier ant (D:10)
  2 hell hounds (D:10)
  2 acid dragons (D:14)
  A swamp drake (Swamp:1)
  9 water moccasins
  4 porcupines
  An eye of draining (D:13)
  6 ice beasts
  20 orc warriors
  5 sky beasts
  5 black bears
  A necrophage (D:9)
  3 phantoms
  27 wolves
  4 boggarts (Lair:6)
  11 ogres
  11 centaurs
  6 crocodiles
  6 big kobolds
  13 bullfrogs
  A water moccasin zombie (D:5)
  7 scorpions
  7 wights
  16 killer bees
  4 howler monkeys
  3 crimson imps
  2 centaur zombies (D:11)
  A quasit (D:6)
  2 bullfrog zombies
  16 orc priests
  7 hounds
  7 iguanas
  7 jellies
  3 bullfrog skeletons
  A gnoll shaman (Orc:2)
  14 orc wizards
  19 worker ants
  A killer bee zombie (D:6)
  A hound zombie (D:8)
  4 hound skeletons
  2 howler monkey zombies (D:7)
  A worker ant zombie (D:8)
  22 adders
  27 gnolls
  2 howler monkey skeletons
  4 shadow imps
  4 oozes
  An adder skeleton (D:8)
  4 worms
  6 dart slugs (D:3)
  4 leopard geckos
  74 orcs
  2 ball pythons
  6 giant cockroaches
  2 goblins (D:2)
  13 hobgoblins
  2 jackals (D:7)
  46 kobolds
  4 quokkas
  7 bats
  2 frilled lizards (D:1)
  A leopard gecko zombie (D:7)
  A quokka skeleton (D:6)
  A quokka zombie (D:5)
  3 rats
  A bush (D:12)
  2 fungi
  A plant (Lair:6)
923 creatures vanquished.

Vanquished Creatures (collateral kills)
  An ettin (Orc:2)
  A naga warrior (Snake:2)
  A naga sharpshooter (Snake:2)
  A naga ritualist (Snake:4)
  A naga mage (Snake:4)
  A spiny frog (Lair:6)
  A hippogriff (Lair:6)
  A hornet (Lair:6)
  A blink frog (Lair:6)
  A spriggan (Lair:6)
  2 wolves (Lair:6)
12 creatures vanquished.

Vanquished Creatures (others)
  A hydra (D:10)
  A slime creature (D:10)
  A golden eye (shapeshifter) (D:10)
  An ice beast (D:10)
  A kobold (D:13)
  27 fungi
  8 plants
40 creatures vanquished.

Grand Total: 975 creatures vanquished

Notes
Turn   | Place    | Note
-------+----------+-------------------------------------------
     0 | D:1      | HungrySpirit the Minotaur Berserker began the quest for the Orb.
     0 | D:1      | Reached XP level 1. HP: 19/19 MP: 0/0
   259 | D:1      | Reached skill level 4 in Axes
   330 | D:1      | Reached XP level 2. HP: 27/27 MP: 1/1
   979 | D:2      | Reached XP level 3. HP: 33/33 MP: 2/2
   986 | D:2      | Reached skill level 5 in Axes
  1254 | D:2      | Reached XP level 4. HP: 39/41 MP: 3/3
  1286 | D:2      | Found a hide-covered altar of Uskayaw.
  1517 | D:2      | Reached ** piety under Trog
  1745 | D:2      | Found an ancient bone altar of Kikubaaqudgha.
  1745 | D:2      | Found a sacrificial altar of Ru.
  1750 | D:2      | Found an ornate altar of the Wu Jian Council.
  1752 | D:2      | Found a faded altar of an unknown god.
  1753 | D:2      | Found a faded altar of an unknown god.
  1977 | D:3      | Reached skill level 6 in Axes
  1978 | D:3      | Reached skill level 5 in Fighting
  1978 | D:3      | Reached XP level 5. HP: 48/48 MP: 4/4
  2151 | D:3      | Found an iron altar of Okawaru.
  2151 | D:3      | Found a bloodstained altar of Trog.
  2311 | D:3      | Found a white marble altar of Elyvilon.
  2363 | D:3      | Found a basalt altar of Yredelemnul.
  2837 | D:4      | Reached skill level 7 in Axes
  2837 | D:4      | Reached XP level 6. HP: 56/56 MP: 5/5
  3349 | D:4      | Found a shadowy altar of Dithmenos.
  3728 | D:5      | Entered Level 5 of the Dungeon
  3729 | D:5      | Found a glowing silver altar of Zin.
  3761 | D:5      | Reached skill level 8 in Axes
  3764 | D:5      | Reached XP level 7. HP: 46/64 MP: 6/6
  4277 | D:5      | Reached *** piety under Trog
  4447 | D:5      | Found a staircase to the Ecumenical Temple.
  4509 | D:5      | Noticed dscm's ghost (amateur DsFi)
  4517 | D:5      | Killed dscm's ghost
  4517 | D:5      | Reached skill level 9 in Axes
  5019 | D:6      | Reached XP level 8. HP: 69/73 MP: 7/7
  5029 | D:6      | Noticed Sigmund
  5226 | D:6      | Reached skill level 10 in Axes
  5237 | D:6      | Killed Sigmund
  5483 | D:6      | Noticed Eustachio
  5487 | D:6      | Killed Eustachio
  5487 | D:6      | Reached skill level 11 in Axes
  5535 | D:6      | Found a shattered altar of Ashenzari.
  5731 | D:6      | Reached XP level 9. HP: 83/83 MP: 8/8
  5785 | D:6      | Noticed Edmund
  5792 | D:6      | Killed Edmund
  5792 | D:6      | Reached skill level 12 in Axes
  6007 | D:7      | Reached **** piety under Trog
  6257 | D:7      | Found an iron altar of Okawaru.
  6991 | D:8      | Noticed Erica
  7018 | D:8      | Killed Erica
  7018 | D:8      | Reached skill level 10 in Fighting
  7018 | D:8      | Reached skill level 13 in Axes
  7018 | D:8      | Reached skill level 5 in Armour
  7096 | D:8      | Reached XP level 10. HP: 93/93 MP: 9/9
  7413 | D:8      | Noticed kegs's ghost (novice MiBe)
  7428 | D:8      | Killed kegs's ghost
  7428 | D:8      | Reached skill level 14 in Axes
  7603 | D:8      | Found a basalt altar of Yredelemnul.
  7949 | D:9      | Noticed a green ugly thing
  8040 | D:9      | Killed a green ugly thing
  8194 | D:9      | Found an opulent altar of Gozag.
  8209 | D:9      | Noticed a cyan ugly thing
  8213 | D:9      | Killed a cyan ugly thing
  8245 | D:9      | Noticed a two-headed ogre
  8256 | D:9      | Killed a two-headed ogre
  8256 | D:9      | Reached skill level 15 in Axes
  8400 | D:9      | Found a transporter.
  8459 | D:9      | Found a roughly hewn altar of Beogh.
  8501 | D:9      | Noticed a two-headed ogre
  8507 | D:9      | Gained mutation: Your spells are a little easier to cast, but a little less powerful. [potion of mutation]
  8507 | D:9      | Gained mutation: Your flesh is heat resistant. (rF+) [potion of mutation]
  8507 | D:9      | Gained mutation: You are somewhat resistant to further mutation. [potion of mutation]
  8517 | D:9      | Killed a two-headed ogre
  8517 | D:9      | Reached XP level 11. HP: 45/102 MP: 2/10
  8705 | D:9      | Found a transporter.
  8789 | D:9      | Noticed Deadscale's ghost (novice TrMo)
  8882 | D:9      | Killed Deadscale's ghost
  8943 | D:9      | Found a staircase to the Orcish Mines.
  8982 | D:9      | Found a roughly hewn altar of Beogh.
  9163 | D:10     | Entered Level 10 of the Dungeon
  9209 | D:10     | Reached ***** piety under Trog
  9347 | D:10     | Noticed a death knight
  9350 | D:10     | Noticed a rakshasa
  9350 | D:10     | Noticed a seven-headed hydra
  9393 | D:10     | Found a staircase to the Lair.
  9551 | D:10     | Noticed Maurice
  9587 | D:10     | Killed Maurice
  9587 | D:10     | Reached skill level 16 in Axes
  9985 | D:10     | Killed a seven-headed hydra
 10228 | Lair:1   | Entered Level 1 of the Lair of Beasts
 10860 | Lair:1   | Received a gift from Trog
 11402 | Lair:1   | Reached XP level 12. HP: 113/113 MP: 8/11
 12056 | Lair:2   | Reached skill level 17 in Axes
 12116 | Lair:2   | Noticed Harold
 12173 | Lair:2   | Killed Harold
 12173 | Lair:2   | Reached skill level 10 in Armour
 12174 | Lair:2   | Found an opulent altar of Gozag.
 12534 | Lair:2   | Found a staircase to the Snake Pit.
 12764 | Lair:2   | Noticed Deadscale's ghost (journeyman TrMo)
 12803 | Lair:2   | Killed Deadscale's ghost
 13752 | Lair:3   | Found a staircase to the Swamp.
 14458 | Lair:4   | Found a shattered altar of Ashenzari.
 14666 | Lair:4   | Reached skill level 18 in Axes
 15541 | Lair:5   | Reached XP level 13. HP: 107/123 MP: 9/12
 16430 | Lair:6   | Entered Level 6 of the Lair of Beasts
 17102 | Lair:6   | Received a gift from Trog
 17187 | Lair:6   | Reached skill level 19 in Axes
 18065 | Lair:6   | Found a staircase to the Slime Pits.
 18526 | Orc:1    | Entered Level 1 of the Orcish Mines
 18711 | Orc:2    | Entered Level 2 of the Orcish Mines
 18758 | Orc:2    | Noticed a stone giant
 18806 | Orc:2    | Found Bocruod's General Store.
 18806 | Orc:2    | Noticed an ettin
 18913 | Orc:2    | Killed a stone giant
 18970 | Orc:2    | Found a roughly hewn altar of Beogh.
 19070 | Orc:2    | Noticed an orc warlord
 19078 | Orc:1    | Reached skill level 15 in Fighting
 19078 | Orc:1    | Reached XP level 14. HP: 95/135 MP: 7/13
 19265 | Orc:2    | Found Nanoin's Antique Armour Shop.
 19300 | Orc:2    | Received a gift from Trog
 19303 | Orc:2    | Noticed an orc warlord
 19318 | Orc:2    | Reached skill level 20 in Axes
 19332 | Orc:2    | Killed an orc warlord
 19562 | Orc:2    | Found Lin Okuh's Jewellery Boutique.
 19642 | Orc:2    | Found a staircase to the Elven Halls.
 19725 | Orc:1    | Noticed Josephine
 19749 | Orc:2    | Killed an orc warlord
 20074 | Orc:2    | Found Kogimid's Antique Weapon Emporium.
 20199 | Orc:2    | Bought a scroll of teleportation for 45 gold pieces
 20468 | Orc:2    | Bought a +2 ring of slaying for 336 gold pieces
 21821 | D:11     | Found a hazy altar of Hepliaklqana.
 22123 | D:11     | Found a glowing silver altar of Zin.
 22404 | D:12     | Found a flagged portal.
 22425 | Bailey   | Entered a bailey
 22439 | Bailey   | Received a gift from Trog
 23078 | D:12     | Found a radiant altar of Vehumet.
 23222 | D:12     | Noticed Psyche
 23232 | D:12     | Killed Psyche
 23618 | D:13     | Found a snail-covered altar of Cheibriados.
 23746 | D:13     | Received a gift from Trog
 23797 | D:13     | Noticed Frances
 23806 | D:13     | Killed Frances
 23806 | D:13     | Reached skill level 21 in Axes
 24104 | D:13     | Noticed Erolcha
 24110 | D:13     | Killed Erolcha
 24202 | D:13     | Found a gate to the Vaults.
 25009 | D:14     | Reached XP level 15. HP: 121/144 MP: 14/14
 25017 | D:14     | Noticed Sonja
 25316 | D:14     | Killed Sonja
 25455 | D:14     | Noticed Rupert
 25461 | D:14     | Paralysed by Rupert for 3 turns
 25467 | D:14     | Killed Rupert
 25851 | D:14     | Found a runed door.
 26360 | D:15     | Entered Level 15 of the Dungeon
 26884 | Swamp:1  | Entered Level 1 of the Swamp
 26917 | Swamp:1  | Received a gift from Trog
 27173 | Swamp:1  | Reached skill level 22 in Axes
 27588 | Lair:2   | Got a bronze leather armour
 27589 | Lair:2   | Identified the cursed +1 leather armour of the Vestibule of Hell {rF+ rN+ Str+6} (You found it on level 2 of the Lair of Beasts)
 28172 | Snake:1  | Entered Level 1 of the Snake Pit
 28382 | Snake:1  | Reached skill level 15 in Armour
 29006 | Snake:1  | Noticed Roxanne
 29019 | Snake:1  | Killed Roxanne
 29020 | Snake:1  | Identified Roxanne's Disquisition on Clay (You took it off Roxanne on level 1 of the Snake Pit)
 30023 | Snake:2  | Found a flickering gateway to a bazaar.
 30028 | Bazaar   | Entered a bazaar
 30304 | Bazaar   | Found Ymotujop's Antique Armour Shoppe.
 30349 | Bazaar   | Found Ripefy's Book Shoppe.
 30362 | Bazaar   | Found Toporof's Assorted Antiques.
 30370 | Bazaar   | Bought a scroll labeled CUGGIROQAT for 23 gold pieces
 30370 | Bazaar   | Bought 2 grey potions for 41 gold pieces
 30388 | Bazaar   | Found Voji's Book Boutique.
 30431 | Bazaar   | Bought a heavily runed chain mail for 114 gold pieces
 30431 | Bazaar   | Identified the +2 chain mail of Nego {Str+7} (You bought it in a shop in a bazaar)
 30433 | Bazaar   | Bought a scorched scale mail for 108 gold pieces
 30433 | Bazaar   | Bought a blackened ring mail for 108 gold pieces
 30433 | Bazaar   | Identified the +4 scale mail of Card Tricks {-Tele rF++ Int+4} (You bought it in a shop in a bazaar)
 30434 | Bazaar   | Identified the cursed +0 ring mail of the Secret Beggars {rC- rN++ Regen+ Str+4} (You bought it in a shop in a bazaar)
 30566 | Snake:2  | Reached XP level 16. HP: 95/155 MP: 0/15
 30933 | Snake:2  | Reached skill level 5 in Dodging
 31133 | Snake:2  | Received a gift from Trog
 31331 | Snake:2  | Reached skill level 23 in Axes
 32410 | Snake:2  | Found a blossoming altar of Fedhas.
 33411 | Snake:3  | Noticed Donald
 33417 | Snake:3  | Killed Donald
 34860 | Snake:3  | Found a hide-covered altar of Uskayaw.
 34990 | Snake:3  | Reached skill level 24 in Axes
 35232 | Snake:4  | Entered Level 4 of the Snake Pit
 35338 | Snake:4  | Reached XP level 17. HP: 79/165 MP: 11/16
 35732 | Snake:4  | Noticed Aizul
 35742 | Snake:4  | Killed Aizul
 35744 | Snake:4  | Received a gift from Trog
 35756 | Snake:4  | HP: 3/166 [naga sharpshooter/bolt (20)]
 35757 | Snake:4  | Mangled by an anaconda

Skill      XL: |  1  2  3  4  5  6  7  8  9 10 11 12 13 14 15 16 |
---------------+-------------------------------------------------+-----
Axes           | 4 5 6 7 8 9 11 13 15 16 18 19 21 22 24 | 24.2
Fighting       | 4 5 6 7 9 10 11 12 13 15 16 17 18 | 18.4
Armour         | 5 7 9 11 12 14 15 | 15.0
Dodging        | 4 8 |  8.6

Action                   |  1- 3 |  4- 6 |  7- 9 | 10-12 | 13-15 | 16-18 || total
-------------------------+-------+-------+-------+-------+-------+-------++-------
Melee: Hand axe          |    40 |   147 |   250 |   822 |    40 |       ||  1299
       Headbutt          |    11 |    34 |    62 |   215 |   271 |    99 ||   692
       War axe           |       |       |       |       |   410 |       ||   410
       Scimitar          |       |       |       |       |    24 |       ||    24
       Battleaxe         |       |       |       |       |   469 |       ||   469
       Executioner's axe |       |       |       |       |   157 |   381 ||   538
Throw: Throwing net      |       |       |     1 |       |       |       ||     1
Invok: Berserk           |     2 |     4 |    13 |    24 |    27 |    11 ||    81
       Trog's Hand       |       |       |       |     7 |    14 |     8 ||    29
       Brothers in Arms  |       |       |       |       |     4 |     3 ||     7
       Burn Spellbooks   |       |       |       |       |     1 |       ||     1
Evoke: Wand              |       |       |       |     9 |     5 |       ||    14
  Use: Potion            |       |       |     1 |    11 |     7 |     4 ||    23
       Scroll            |       |       |       |     3 |    31 |     2 ||    36
 Stab: Paralysed         |       |       |       |       |     1 |       ||     1
  Eat: Chunk             |     3 |    10 |    18 |    43 |    59 |     7 ||   140
       Ration            |       |       |     3 |     3 |     6 |     7 ||    19
Armor: Animal skin       |     7 |     4 |       |       |       |       ||    11
       Leather armour    |       |     2 |       |       |       |       ||     2
       Ring mail         |       |    33 |    89 |   172 |    55 |   104 ||   453
       Plate armour      |       |       |       |   112 |   556 |       ||   668
       Skin              |       |       |       |       |    39 |       ||    39
Dodge: Dodged            |    27 |    68 |   105 |   289 |   435 |   202 ||  1126
       Rpst.: Scimitar   |       |       |       |       |     3 |       ||     3
